 Dungeon Crawl Stone Soup version 0.19-a0-805-g0a78ef0 (webtiles) character file.

36 Stormbringer the Insei (level 3, -1/29 HPs)
             Began as a Mummy Monk on June 27, 2016.
             Slain by a gnoll
             ... wielding a +0 club
              (3 damage)
             ... on level 1 of the Dungeon.
             The game lasted 00:02:40 (2021 turns).

Stormbringer the Insei (Mummy Monk)                 Turns: 2021, Time: 00:02:41

Health: -1/29      AC:  1    Str: 14    XL:     3   Next: 19%
Magic:  3/3        EV: 13    Int: 12    God:
Gold:   88         SH:  0    Dex: 15    Spells: 0 memorised, 2 levels left

rFire  . . .     SeeInvis .       - Unarmed
rCold  + . .     Gourm    .     (no armour)
rNeg   + + +     Faith    .     (no shield)
rPois  ∞         Spirit   .     e - +0 helmet {Int+3}
rElec  .         Dismiss  .     (no cloak)
rCorr  .         Reflect  .     (no gloves)
SustAt .         Harm     .     (no boots)
MR     .....                    (no amulet)
Stlth  +++.......               i - ring of stealth
                                g - ring of protection from fire

@: not resistant to hostile enchantments, fairly stealthy
A: no food or potions, fire vulnerability, cold resistance 1, negative energy
resistance 3, torment resistance, unbreathing
a: no special abilities


You were on level 1 of the Dungeon.
You were not hungry.

You visited 1 branch of the dungeon, and saw 2 of its levels.

You collected 88 gold pieces.


Innate Abilities, Weirdness & Mutations

You do not eat or drink.
Your flesh is vulnerable to fire.
You are immune to poison.
Your flesh is cold resistant. (rC+)
You are immune to negative energy. (rN+++)
You are immune to unholy pain and torment.
You can survive without breathing.


   Skills:
 - Level 3.0 Fighting
 - Level 2.4 Dodging
 - Level 1.5 Stealth
 + Level 3.5 Unarmed Combat


You had 2 spell levels left.
You didn't know any spells.

Inventory:

Armour
 e - a +0 helmet of intelligence (worn)
Jewellery
 a - an uncursed amulet of guardian spirit (quivered)
 f - an uncursed ring of positive energy
 g - a ring of protection from fire (left hand)
 i - a ring of stealth (right hand)
Scrolls
 b - 4 scrolls of identify {unknown}
 c - a scroll of enchant weapon {unknown}
 d - a scroll of remove curse {unknown}
 h - a scroll of teleportation {unknown}

Dungeon Overview and Level Annotations

Branches:
Dungeon (2/15)

Altars:
Pakellas
Sif Muna
The Shining One

....▒ ....▒
....▒▒▒▒▒
....)...▒
▒.......▒
▒.▒▒....▒▒▒
....▒.....▒
▒▒..▒.▒▒..▒▒▒▒▒▒▒▒
.▒......▒......gM▒
.▒.▒▒...▒(▒▒▒▒▒▒▒▒
.....▒....▒
▒▒...▒..▒▒▒
..▒....▒▒ ..▒...▒▒
......▒ ......▒
......▒


You could see a gnoll.


Message History

The rat is heavily wounded!
The rat misses you!
You barely miss the rat!
The rat is heavily wounded!
The rat closely misses you!
You pummel the rat like a punching bag!
You annihilate the rat!!!
You closely miss the gnoll! The gnoll barely misses you!
The gnoll closely misses you! The gnoll barely misses you!
The gnoll hits you from afar with a spear!
You climb upwards!
There is a stone staircase leading down here!
You beat the gnoll into a bloody pulp!
The gnoll is lightly wounded!
The gnoll hits you but does no damage!
You squash the gnoll like an ant!
The gnoll is moderately wounded!
The gnoll hits you with a club!!! * * * don't die
* * * You pummel the gnoll like a punching bag!
The gnoll is moderately wounded!
The gnoll hits you with a club!!! * * * don't die
* * * You pummel the gnoll like a punching bag!
The gnoll is heavily wounded!
You beat the gnoll into a bloody pulp!
The gnoll is almost dead!
The gnoll hits you with a club! rip

Action                   || total
-------------------------++-------
Melee: Unarmed           ||   134
       Punch             ||     2
 Stab: Sleeping          ||     1
Armor: Skin              ||     3
Dodge: Dodged            ||    92

Vault maps used:
D:1:      lemuel_arrival_rhombus, hangedman_decor_points
D:2:      grunt_temple_overflow_open, grunt_pakellas_mercury

Notes
Turn   | Place    | Note
--------------------------------------------------------------
     0 | D:1      | Stormbringer the Mummy Monk began the quest for the Orb.
     0 | D:1      | Reached XP level 1. HP: 18/18 MP: 1/1
   205 | D:1      | HP: 1/18 [jackal (2)]
   211 | D:1      | Reached XP level 2. HP: 1/24 MP: 2/2
   527 | D:1      | Reached skill level 3 in Unarmed Combat
  1395 | D:1      | Reached XP level 3. HP: 28/29 MP: 3/3
  1943 | D:2      | Found an oddly glowing altar of Pakellas.
  1961 | D:2      | Found a deep blue altar of Sif Muna.
  1965 | D:2      | Found a glowing golden altar of the Shining One.
  2019 | D:1      | HP: 1/29 [gnoll/club (10)]
  2021 | D:1      | Slain by a gnoll

Vanquished Creatures
  3 giant geckos (D:1)
  4 bats
  A giant cockroach (D:1)
  9 goblins
  A hobgoblin (D:1)
  2 jackals (D:1)
  A quokka (D:2)
  2 kobolds
  7 rats
30 creatures vanquished.
